 Dungeon Crawl Stone Soup version 0.18-a0-1293-g5a2c81a (webtiles) character file.

2369 dvd the Blocker (level 9, -2/78 HPs)
             Began as a Minotaur Fighter on Feb 10, 2016.
             Was a Believer of Makhleb.
             Slain by an orc warrior
             ... wielding a +2 dire flail of pain
              (14 damage)
             ... on level 7 of the Dungeon on Feb 11, 2016.
             The game lasted 00:16:32 (5247 turns).

dvd the Blocker (Minotaur Fighter)                  Turns: 5247, Time: 00:16:32

Health: -2/78      AC: 14    Str: 25    XL:     9   Next: 21%
Magic:  8/8        EV: 17    Int:  5    God:    Makhleb [**....]
Gold:   689        SH: 11    Dex:  9    Spells: 0 memorised, 8 levels left

rFire  . . .     SeeInvis .     B - +2 flail (protect)
rCold  + . .     Gourm    .     d - +2 leather armour {rC+}
rNeg   . . .     Faith    .     c - +0 shield
rPois  .         Spirit   .     (helmet restricted)
rElec  .         Dismiss  +     n - +1 cloak
rCorr  .         Reflect  .     (no gloves)
SustAt .         Harm     .     W - +0 pair of boots
MR     .....                    e - amulet of dismissal
Stlth  +.........               (no ring)
                                h - +5 ring of evasion

@: not resistant to hostile enchantments, very unstealthy
A: retaliatory headbutt, horns 2
a: Minor Destruction, Renounce Religion


You were on level 7 of the Dungeon.
You worshipped Makhleb.
Makhleb was pleased with you.
You were not hungry.

You visited 2 branches of the dungeon, and saw 8 of its levels.
You also visited: Ossuary.

You collected 689 gold pieces.

Inventory:

Hand Weapons
 a - a +0 war axe
 u - a +4 club
 B - a +2 flail of protection (weapon)
 H - a +3 morningstar
 J - a +1 hand axe of freezing
 P - a +0 mace of crushing
Missiles
 N - 9 javelins (quivered)
Armour
 b - a +0 scale mail
 c - a +0 shield (worn)
 d - a +2 leather armour of cold resistance (worn)
 n - a +1 cloak (worn)
 y - a +0 plate armour
 W - a +0 pair of boots (worn)
Jewellery
 e - an amulet of dismissal (around neck)
 h - a +5 ring of evasion (left hand)
Wands
 p - a wand of lightning (7/15)
 D - a wand of flame (22/48)
 L - a wand of polymorph (14/24)
Scrolls
 i - 3 scrolls of remove curse
 m - 3 scrolls of immolation {unknown}
 q - 4 scrolls of teleportation {unknown}
 r - a scroll of random uselessness {unknown}
 t - 3 scrolls of amnesia {unknown}
 v - 2 scrolls of recharging {unknown}
 w - 2 scrolls of identify {unknown}
 C - a scroll of enchant weapon {unknown}
 E - a scroll of magic mapping {unknown}
 F - a scroll of blinking {unknown}
 O - a scroll of fog {unknown}
 T - a scroll of noise {unknown}
 U - a scroll of enchant armour {unknown}
Potions
 g - a potion of resistance {unknown}
 j - 2 potions of curing
 k - a potion of brilliance {unknown}
 l - 2 potions of flight {unknown}
 o - a potion of cancellation {unknown}
 z - a potion of degeneration {unknown}
 A - a potion of mutation {unknown}
 G - 2 potions of agility {unknown}
 I - a potion of heal wounds {unknown}
 M - a potion of berserk rage {unknown}
Books
 S - a book of the Earth

   Spells                             Type                      Level
   a - Leda's Liquefaction            Hexes/Earth                  4
   b - Bolt of Magma                  Conjuration/Fire/Earth       5
   c - Statue Form                    Transmutation/Earth          6
   d - Iron Shot                      Conjuration/Earth            6
   e - Shatter                        Earth                        9
Comestibles
 f - 2 bread rations
 s - a meat ration
 x - 2 beef jerkies
 Q - a royal jelly
 R - 6 chunks of flesh


   Skills:
 + Level 6.5 Fighting
 + Level 6.7(7.1) Axes
 + Level 3.4(5.5) Maces & Flails
 + Level 7.1 Armour
 + Level 5.3 Dodging
 + Level 1.3 Stealth
 + Level 8.4 Shields


You had 8 spell levels left.
You didn't know any spells.

Dungeon Overview and Level Annotations

Branches:
Dungeon (7/15)             Temple (1/1) D:5

Altars:
Ashenzari
Cheibriados
Dithmenos
Elyvilon
Fedhas
Gozag
Kikubaaqudgha
Makhleb
Nemelex Xobeh
Okawaru
Pakellas
Qazlal
Ru
Sif Muna
Trog
Vehumet
Xom
Yredelemnul
Zin
The Shining One

Shops:
D:5 =

Annotations:
D:4 Purgy


Innate Abilities, Weirdness & Mutations

You reflexively headbutt those who attack you in melee.
You have a pair of horns on your head.


Message History

The orc warrior barely misses you. You furiously retaliate!
You headbutt the orc warrior, but do no damage.
You closely miss the orc warrior.
The orc warrior is almost dead.
You block the orc warrior's attack.
Your shield prevents you from hitting the orc warrior.
The orc warrior is almost dead.
The orc warrior hits you with a dire flail of pain!
* * * LOW HITPOINT WARNING * * *
You writhe in agony.
Drink which item? (? for menu, Esc to quit)
It was a potion of curing.
You feel better.
The orc warrior hits you with a dire flail of pain.
* * * LOW HITPOINT WARNING * * *
You writhe in agony.
* * * LOW HITPOINT WARNING * * *
You barely miss the orc warrior.
The orc warrior is almost dead.
The orc warrior hits you with a dire flail of pain!
You die...

# ###)#.#####...###.# .#
#...)##....<.....# .#
#...))<...........
.........#...........
###.#....####...###.(#
#....#..####...#>..>#
.................>.#.#
#..###....#..#...........#
...####.#.#..#@######..#.##
#... ..# #..#o######.....#
#..### ...#..ooo.........#
#.... #.....o.##..##....#
#..## ...#..#.##..# ....#
###...# .# #........# ....#
....#.### #.#.#...#).#
.#..#
.##.....#.#.......).)#
.#..#
.##.....#.###......#.# .#
.#


You could see an orc warrior and 4 orcs.

Vanquished Creatures
  Eustachio (D:4)
  Edmund (D:4)
  Duvessa (D:5)
  2 sky beasts (D:6)
  An orc warrior (D:7)
  A phantom (D:5)
  A centaur (D:6)
  A big kobold (D:7)
  2 giant frogs (D:6)
  Dowan (D:5)
  2 scorpions (D:6)
  4 wights (D:5)
  A jelly (D:6)
  A crimson imp (D:6)
  A giant frog zombie (D:7)
  2 giant frog skeletons (D:6)
  4 hounds
  5 orc priests
  An iguana (D:4)
  8 orc wizards
  3 worker ants
  A big kobold zombie (Ossuary)
  A hound skeleton (D:5)
  2 mummies (Ossuary)
  A worker ant zombie (D:5)
  Robin (D:2)
  A gnoll (D:1)
  5 adders
  2 worms
  5 giant geckos
  28 orcs
  A ball python (D:2)
  5 bats
  3 giant cockroaches
  2 gnoll zombies (Ossuary)
  8 goblins
  11 hobgoblins
  8 jackals
  4 quokkas
  7 giant newts
  5 goblin zombies (Ossuary)
  4 hobgoblin zombies (Ossuary)
  11 kobolds
  2 orc zombies (Ossuary)
  A quokka skeleton (D:5)
  A quokka zombie (D:6)
  8 rats
172 creatures vanquished.

Vanquished Creatures (others)
  A jelly (D:2)
1 creature vanquished.

Grand Total: 173 creatures vanquished

Notes
Turn   | Place    | Note
--------------------------------------------------------------
     0 | D:1      | dvd the Minotaur Fighter began the quest for the Orb.
     0 | D:1      | Reached XP level 1. HP: 19/19 MP: 0/0
   316 | D:1      | Reached skill level 4 in Shields
   316 | D:1      | Reached XP level 2. HP: 24/27 MP: 1/1
   477 | D:1      | Reached XP level 3. HP: 23/33 MP: 2/2
   857 | D:2      | Found an oddly glowing altar of Pakellas.
   857 | D:2      | Noticed an orange crystal statue
  1002 | D:2      | Reached skill level 1 in Dodging
  1185 | D:2      | Noticed Robin
  1195 | D:2      | Killed Robin
  1195 | D:2      | Reached XP level 4. HP: 37/40 MP: 3/3
  2305 | D:3      | Reached XP level 5. HP: 41/46 MP: 4/4
  2377 | D:4      | Noticed Purgy
  2468 | D:4      | Reached skill level 5 in Armour
  2526 | D:4      | Reached XP level 6. HP: 28/53 MP: 5/5
  2679 | D:4      | Noticed Eustachio
  2695 | D:4      | Killed Eustachio
  2695 | D:4      | Reached skill level 5 in Shields
  2878 | D:4      | Noticed Edmund
  2904 | D:4      | Killed Edmund
  2904 | D:4      | Reached skill level 1 in Stealth
  2904 | D:4      | Reached XP level 7. HP: 37/60 MP: 6/6
  2924 | D:4      | Found a sand-covered staircase.
  2934 | Ossuary  | Entered an ossuary
  3253 | D:5      | Entered Level 5 of the Dungeon
  3281 | D:5      | Reached skill level 5 in Fighting
  3281 | D:5      | Reached skill level 6 in Shields
  3355 | D:5      | Found a glowing silver altar of Zin.
  3355 | D:5      | Noticed an angel
  3468 | D:5      | Noticed Dowan
  3474 | D:5      | Noticed Duvessa
  3482 | D:5      | Reached skill level 5 in Axes
  3503 | D:5      | Killed Duvessa
  3503 | D:5      | Reached XP level 8. HP: 21/69 MP: 7/7
  3508 | D:5      | Killed Dowan
  3587 | D:5      | Found a staircase to the Ecumenical Temple.
  3596 | Temple   | Entered the Ecumenical Temple
  3647 | Temple   | Became a worshipper of Makhleb the Destroyer
  3763 | D:5      | Found Cuhitz's Jewellery Emporium.
  3874 | D:5      | Found a shadowy altar of Dithmenos.
  3890 | D:5      | Reached skill level 7 in Shields
  4373 | D:6      | Reached skill level 1 in Maces & Flails
  4434 | D:6      | Reached * piety under Makhleb
  4672 | D:6      | Reached skill level 8 in Shields
  5000 | D:7      | Reached XP level 9. HP: 74/78 MP: 8/8
  5010 | D:7      | Found a white marble altar of Elyvilon.
  5136 | D:7      | Reached ** piety under Makhleb
  5147 | D:7      | Reached skill level 5 in Dodging
  5247 | D:7      | Slain by an orc warrior

Vault maps used:
D:1:      lightli_arrival_boilingwater
D:2:      grunt_ministairs_14, gammafunk_pakellas_statue_experiment, uniq_robin
D:4:      nicolae_ossuary_entry_ruins, first_bread, uniq_purgy, uniq_eustachio,
          uniq_edmund
D:5:      zin_angel, minmay_temple_entry_mist, serial_shops, shop,
          grunt_dithmenos_shadows, uniq_duvessa
D:7:      old_standard_altar
Temple:   grunt_circular_temple_18
Ossuary:  minmay_ossuary_gauntlet

Action                   |  1- 3 |  4- 6 |  7- 9 || total
-------------------------+-------+-------+-------++-------
Melee: War axe           |    94 |   145 |    91 ||   330
       Morningstar       |       |       |    11 ||    11
       Flail             |       |       |   135 ||   135
Invok: Minor Destruction |       |       |     4 ||     4
  Use: Potion            |       |       |     2 ||     2
       Scroll            |       |       |     1 ||     1
  Eat: Chunk             |     1 |     5 |     9 ||    15
